 Dungeon Crawl Stone Soup version 0.25-a0-843-g6944ee3 (webtiles) character file.

Game seed: 4707200928920314854, levelgen mode: deterministic

227 ASSMAN the Insei (level 5, -8/37 HPs)
             Began as a Demonspawn Transmuter on Apr 25, 2020.
             Was a Follower of Makhleb.
             Mangled by an ice beast (9 damage)
             ... on level 4 of the Dungeon.
             The game lasted 00:06:28 (3277 turns).

ASSMAN the Insei (Demonspawn Transmuter)            Turns: 3277, Time: 00:06:28

Health: -8/37      AC:  2    Str: 13    XL:     5   Next: 70%
Magic:  8/8        EV: 12    Int: 18    God:    Makhleb [*.....]
Gold:   180        SH:  0    Dex: 13    Spells: 2/8 levels left

rFire    . . .     SeeInvis .   m - +8 dagger "Raisin" {freeze, rElec Str+3}
rCold    . . .     Gourm    .   (no shield)
rNeg     + . .     Faith    .   b - +0 robe
rPois    .         Spirit   .   (no helmet)
rElec    +         Reflect  .   (no cloak)
rCorr    .         Harm     .   (no gloves)
MR       .....                  (no boots)
Stlth    +.........             (no amulet)
HPRegen  0.12/turn              c - ring of positive energy
MPRegen  0.11/turn              j - +2 ring of intelligence

@: brilliant, appendage
A: horns 2, talons 2, rot immunity
a: End Transformation, Renounce Religion


You were on level 4 of the Dungeon.
You worshipped Makhleb.
Makhleb was aware of your devotion.
You were hungry.
You had grown temporary horns.
You visited 1 branch of the dungeon, and saw 4 of its levels.

You collected 180 gold pieces.

Inventory:

Hand Weapons
 h - a +4 dagger
 m - the +8 dagger "Raisin" (weapon) {freeze, rElec Str+3}
   (You found it on level 4 of the Dungeon)

   It has been specially enchanted to freeze those struck by it, causing extra
   injury to most foes and up to half again as much damage against particularly
   susceptible opponents.
   It can also slow down cold-blooded creatures.
   It affects your strength (+3).
   It insulates you from electricity.
Missiles
 a - 58 arrows
 f - 87 stones (quivered)
Armour
 b - a +0 robe (worn)
 i - a scarf of cloud immunity
 k - a +2 cloak
Jewellery
 c - a ring of positive energy (left hand)
 j - a +2 ring of intelligence (right hand)
Scrolls
 l - 5 scrolls of identify {unknown}
 n - 2 scrolls of enchant weapon {unknown}
 o - 3 scrolls of fog {unknown}
 p - a scroll of enchant armour {unknown}
 r - a scroll of remove curse
Potions
 e - 3 potions of stabbing
 q - a potion of curing {unknown}
Comestibles
 d - 8 rations


   Skills:
 - Level 1.0 Fighting
 - Level 1.7 Dodging
 * Level 4.9 Unarmed Combat
 - Level 2.0 Spellcasting
 + Level 3.2 Transmutations
 + Level 2.3 Invocations


You had 2 spell levels left.
You knew the following spells:

 Your Spells              Type           Power        Failure   Level  Hunger
a - Beastly Appendage     Tmut           ###...       4%          1    None
b - Spider Form           Tmut/Pois      ##........   28%         3    None
c - Sticks to Snakes      Tmut           ###.....     8%          2    None

Your spell library contained the following spells:

 Spells                   Type           Power        Failure   Level  Hunger
 Summon Small Mammal      Summ           #...         19%         1    None
 Call Imp                 Summ           #.......     26%         2    None
 Call Canine Familiar     Summ           #.......     47%         3    None
 Summon Guardian Golem    Hex/Summ       #.......     47%         3    None
 Ice Form                 Ice/Tmut       ##......     67%         4    None
 Blade Hands              Tmut           ###.......   80%         5    None
 Summon Ice Beast         Ice/Summ       #.......     87%         4    None
 Summon Lightning Spire   Summ/Air       #.......     87%         4    None


Dungeon Overview and Level Annotations

Branches:
Dungeon (4/15)
 Temple: D:4-7

Altars:
Elyvilon
Makhleb
Beogh

Annotations:
D:2 Sigmund


Innate Abilities, Weirdness & Mutations

You have razor-sharp toenails.
You are immune to rotting.
You have a pair of horns on your head.


Message History

You puncture the ice beast! Your kick misses the ice beast.
The ice beast is heavily wounded.
The ice beast barely misses you.
You barely miss the ice beast.
The ice beast is heavily wounded.
The ice beast closely misses you.
You hit the ice beast.
The ice beast is heavily wounded.
The ice beast hits you. The ice beast freezes you.
You hit the ice beast.
You claw the ice beast, but do no damage.
The ice beast is severely wounded.
The ice beast hits you. The ice beast freezes you!
* * * LOW HITPOINT WARNING * * *
It was a potion of brilliance.
You feel clever all of a sudden. The ice beast hits you.
* * * LOW HITPOINT WARNING * * *
The ice beast freezes you!
You die...

######## ##....<.............#
##.....### #...................#
.........####....................
.................................
##.......####....................
#####....# #..##...............#
###### ##..#####...........#
##.## ##########..# #.@# ##.#
##.Y# ### ..... ## ........ .#
........... ## ............
#............ ##...........


You could see an ice beast.

Vanquished Creatures
  An orc priest (D:3)
  A hound (D:4)
  A centaur skeleton (D:4)
  2 worker ants (D:4)
  2 adders (D:2)
  A worm (D:3)
  2 dart slugs (D:1)
  3 leopard geckos
  5 orcs
  2 ball pythons (D:2)
  8 goblins
  7 hobgoblins
  6 jackals
  2 kobolds
  6 bats
  7 frilled lizards
  A leopard gecko skeleton (D:4)
  3 rats
60 creatures vanquished.

Notes
Turn   | Place    | Note
-------+----------+-------------------------------------------
     0 | D:1      | ASSMAN the Demonspawn Transmuter began the quest for the
                  | Orb.
     0 | D:1      | Reached XP level 1. HP: 15/15 MP: 3/3
   212 | D:1      | Reached skill level 3 in Unarmed Combat
   289 | D:1      | Gained mutation: You have sharp toenails. [demonic
                  | ancestry]
   289 | D:1      | Reached XP level 2. HP: 17/21 MP: 5/5
   913 | D:2      | Reached XP level 3. HP: 26/26 MP: 6/6
   918 | D:2      | Learned a level 3 spell: Spider Form
  1216 | D:2      | Noticed Sigmund
  1583 | D:3      | Reached skill level 4 in Unarmed Combat
  1604 | D:3      | Found a white marble altar of Elyvilon.
  1631 | D:3      | Gained mutation: You have razor-sharp toenails. [demonic
                  | ancestry]
  1631 | D:3      | Reached XP level 4. HP: 26/32 MP: 7/7
  1641 | D:3      | Found a burning altar of Makhleb.
  1646 | D:3      | Became a worshipper of Makhleb the Destroyer
  1789 | D:3      | Learned a level 2 spell: Sticks to Snakes
  1980 | D:3      | Found a roughly hewn altar of Beogh.
  2243 | D:3      | Reached skill level 1 in Invocations
  2323 | D:4      | Gained mutation: You are immune to rotting. [demonic
                  | ancestry]
  2323 | D:4      | Reached XP level 5. HP: 8/37 MP: 5/8
  2971 | D:4      | Got a pitted dagger
  2972 | D:4      | Identified the +8 dagger "Raisin" {freeze, rElec Str+3}
                  | (You found it on level 4 of the Dungeon)
  3148 | D:4      | Reached * piety under Makhleb
  3267 | D:4      | Noticed an ice beast
  3277 | D:4      | HP: 1/37 [ice beast (4)]
  3277 | D:4      | Mangled by an ice beast

Levels and vault maps discovered:
D:1:      lightli_arrival_boilingwater, layout_loops_ring, minivault_5
D:2:      layout_loops_ring, chequers_serial_rivers_room_b, uniq_sigmund
D:3:      layout_basic, lemuel_doored_altar, old_standard_altar,
          chequers_ecumenical_altar_island, kennysheep_orc_chapel
D:4:      layout_cave_pods, minmay_stone_trees_small

Skill      XL: |  1  2  3  4  5 |
---------------+----------------+-----
Unarmed Combat | 3 4 |  4.9
Transmutations | 2 3 |  3.2
Invocations    | 1 2 |  2.3
Fighting       | |  1.0
Dodging        | |  1.7
Spellcasting   | |  2.0

Action                   |  1- 3 |  4- 6 || total
-------------------------+-------+-------++-------
Melee: Unarmed           |    26 |     5 ||    31
       Punch             |     2 |     2 ||     4
       Dagger            |    81 |    86 ||   167
       Kick              |    12 |    22 ||    34
       Headbutt          |       |     3 ||     3
Throw: Stone             |       |     2 ||     2
 Cast: Beastly Appendage |     1 |     6 ||     7
       Spider Form       |       |     2 ||     2
  Use: Scroll            |     4 |     1 ||     5
       Potion            |     1 |     3 ||     4
 Stab: Sleeping          |     2 |     1 ||     3
  Eat: Chunk             |     2 |     5 ||     7
Armor: Robe              |    25 |    16 ||    41
Dodge: Dodged            |    55 |    59 ||   114

Table legend:
 A = Non-vault XP
 B = Vault XP
 C = Vault XP percentage of total XP
 D = Non-vault monster count
 E = Vault monster count
 F = Vault count percentage of total count
                 A         B        C        D         E       F
            +---------+---------+-------+---------+---------+-------
      Total |     279 |      46 |  14.2 |      58 |       2 |   3.3
            +---------+---------+-------+---------+---------+-------
        D:1 |      34 |       0 |   0.0 |      18 |       0 |   0.0
        D:2 |      45 |       0 |   0.0 |      13 |       0 |   0.0
        D:3 |      39 |      46 |  54.1 |      18 |       2 |  10.0
        D:4 |     161 |       0 |   0.0 |       9 |       0 |   0.0
            +---------+---------+-------+---------+---------+-------
